AoeStats
← jodays555

Arena

507290348Analyzed
1v1 RM · 16d ago on Sep 17, 2026· 44m 55s· 2 players
Game mode
Random Map
Map size
Tiny (2 player)
Population
200
Speed
Normal
Resources
Standard
Victory
Conquest
Starting age
Dark Age
Ending age
Imperial Age
RankedLock teamsTeams togetherTeam positionsShared explorationLock speedFull tech treeHidden civsTurbo modeCheats
Victory
Defeat
🇺🇸 Bohemians · United States
1016
+16
🇬🇧 Britons · United Kingdom
1020
-16
jodays555
7:49 Loom
10:26 Feudal Age
16:20 Castle Age
14:56 Horse Collar
15:04 Double-Bit Axe
18:56 Bow Saw
20:25 Wheelbarrow
21:55 Town Watch
24:52 Pikeman
26:35 Squires
30:54 Imperial Age
29:26 Scale Mail Armor
29:38 Forging
31:13 Chemistry
30:35 Ballistics
31:06 Hand Cart
31:10 Wagenburg Tactics
31:49 Chain Mail Armor
34:15 Two-Man Saw
33:33 Masonry
33:57 Town Patrol
34:07 Town Patrol
34:09 Halberdier
35:25 Plate Mail Armor
36:43 Elite Hussite Wagon
37:59 Houfnice
38:41 Arson
39:36 Iron Casting
38:52 Fletching
43:28 Blast Furnace
Lakeman616
7:16 Loom
10:10 Feudal Age
10:44 Double-Bit Axe
10:40 Horse Collar
10:54 Stone Mining
10:54 Gold Mining
12:08 Wheelbarrow
17:13 Castle Age
16:47 Scale Mail Armor
17:10 Forging
18:41 Pikeman
21:02 Fervor
22:24 Hand Cart
23:53 Bow Saw
24:38 Heavy Plow
27:12 Scale Mail Armor
29:07 Town Watch
33:49 Imperial Age
33:09 Gold Shaft Mining
33:20 Squires
33:28 Arson
34:09 Fletching
34:03 Onager
36:07 Yeomen
35:49 Bodkin Arrow
38:04 Two-Man Saw
38:06 Elite Longbowman
42:26 Ballistics
43:07 Chemistry
42:36 Masonry
41:49 Crossbowman
43:19 Arbalester
Connection lost

Rejoining the realm…

Still unreachable

The connection could not be restored.

Session expired

The server has moved on; the page needs a fresh start.